cohdb
Replays
Latest Replays
All Replays
Popular Replays
Top Player Replays
Match Explorer
How It Works
Community
CoH3 Stats
Reddit
Sign in to upload your games and track your stats! →
Sign in with Steam
Match 46781190
Unlisted
Match 46781190
Overview
Messages
Build Orders
End
Selects Panzerjäger Kommand Battlegroup
Panzergrenadier Squad
Panzergrenadier Squad
Construct Light Support Kompanie
Combat Half-tracks
250 Light Carrier
Selects Mine Fields
Construct Mechanized Kompanie
Selects Tank Busters
8 Rad Armored Car
Selects Crew Shock Tactics
Panzerjäger Mechanized Group
254 Reconnaissance Tractor
Support Armor Elements
StuG III D Assault Gun
Emergency Repair Kits
mr.Brookerr
Henk
water
Boat Goes Binted
RangerVI
NoName
Davidoff
sirlobin
0
0
Comments
sign in to comment!
No comments posted yet!